 Dungeon Crawl Stone Soup version 0.30-a0-629-gd54f4be4f7 (webtiles) character file.

Game seed: 8979855235318021757

70 pokeman the Magician (level 4, -1/25 HPs)
             Began as a Deep Elf Hedge Wizard on Jan 12, 2023.
             Slain by an iguana (5 damage)
             ... on level 3 of the Dungeon.
             The game lasted 00:03:06 (2513 turns).

pokeman the Magician (Deep Elf Hedge Wizard)        Turns: 2513, Time: 00:03:06

Health: -1/25      AC:  2    Str:  7    XL:     4   Next: 4%
Magic:  1/13       EV: 12    Int: 21    God:
Gold:   139        SH:  0    Dex: 14    Spells: 5/13 levels left

rFire   . . .      SeeInvis .    a - +0 dagger
rCold   . . .      Faith    .    (no shield)
rNeg    + . .      Spirit   .    b - +0 robe
rPois   .          Reflect  .    c - +0 hat
rElec   .          Harm     .    (no cloak)
rCorr   .          Rampage  .    (no gloves)
Will    .....                    (no boots)
Stlth   ++                       (no amulet)
HPRegen 0.24/turn                s - ring of positive energy
MPRegen 0.13/turn                (no ring)

@: very slightly contaminated
A: no striking features
a: no special abilities


You were on level 3 of the Dungeon.
You visited 1 branch of the dungeon, and saw 3 of its levels.

You collected 139 gold pieces.

Inventory:

Hand Weapons
 a - a +0 dagger (weapon)
Armour
 b - a +0 robe (worn)
 c - a +0 hat (worn)
Jewellery
 j - an amulet of faith
 s - a ring of positive energy (left hand)
Scrolls
 e - a scroll of identify {unknown}
 f - 2 scrolls of fear {unknown}
 g - 2 scrolls of vulnerability {unknown}
 h - 5 scrolls of teleportation {unknown}
 k - a scroll of butterflies {unknown}
 l - a scroll of fog {unknown}
 m - a scroll of silence {unknown}
 q - a scroll of amnesia {unknown}
 u - a scroll of acquirement {unknown}
Potions
 d - 2 potions of magic
 i - 2 potions of might {unknown}
 n - a potion of flight {unknown}
 o - a potion of heal wounds {unknown}
 p - a potion of degeneration {unknown}
 r - 2 potions of lignification {unknown}
 t - a potion of mutation {unknown}


   Skills:
 - Level 1.0 Fighting
 - Level 1.0 Armour
 + Level 2.5 Dodging
 + Level 2.6 Stealth
 * Level 5.4 Spellcasting
 + Level 2.1 Conjurations
 - Level 1.1 Summonings
 - Level 1.1 Translocations


You had 5 spell levels left.
You knew the following spells:

 Your Spells              Type           Power      Damage    Failure   Level
a - Magic Dart            Conj           56%        1d5       4%          1
b - Mephitic Cloud        Conj/Pois/Air  8%         N/A       24%         3
c - Call Imp              Summ           10%        N/A       10%         2
d - Blink                 Tloc           20%        N/A       10%         2

Your spell library contained the following spells:

 Spells                   Type           Power      Damage    Failure   Level
 Beastly Appendage        Tmut           10%        N/A       11%         1
 Slow                     Hex            20%        N/A       11%         1
 Cigotuvi's Dreadful Rot  Necr/Pois/Air  10%        N/A       16%         2
 Dispersal                Tloc           5%         N/A       100%        6
 Dragon Form              Tmut           2%         N/A       100%        7


Dungeon Overview and Level Annotations

Branches:
Dungeon (3/15)

Altars:


Message History

Press: ? - help, Shift-Dir - straight line, f/p - iguana
Aim: an iguana (heavily wounded, 100% to hit)
You miscast Magic Dart.
You are very lightly contaminated with residual magic.
Nothing appears to happen.
The iguana bites you.
Casting: Magic Dart (safe; 4% risk of failure)
Confirm with . or Enter, or press ? or * to list all spells.
Aiming: Magic Dart (safe; 4% risk of failure)
Press: ? - help, Shift-Dir - straight line, f/p - iguana
Aim: an iguana (heavily wounded, 100% to hit)
The magic dart hits the iguana.
The iguana is severely wounded.
The iguana bites you but does no damage.
Casting: Magic Dart (safe; 4% risk of failure)
Confirm with . or Enter, or press ? or * to list all spells.
Aiming: Magic Dart (safe; 4% risk of failure)
Press: ? - help, Shift-Dir - straight line, f/p - iguana
Aim: an iguana (severely wounded, 100% to hit)
The magic dart hits the iguana but does no damage.
The iguana is severely wounded.
The iguana barely misses you.
Casting: Magic Dart (safe; 4% risk of failure)
Confirm with . or Enter, or press ? or * to list all spells.
Aiming: Magic Dart (safe; 4% risk of failure)
Press: ? - help, Shift-Dir - straight line, f/p - iguana
Aim: an iguana (severely wounded, 100% to hit)
The magic dart hits the iguana but does no damage.
The iguana is severely wounded.
The iguana bites you!
Ouch! That really hurt!
* * * LOW HITPOINT WARNING * * *
Casting: Magic Dart (safe; 4% risk of failure)
Confirm with . or Enter, or press ? or * to list all spells.
Aiming: Magic Dart (safe; 4% risk of failure)
Press: ? - help, Shift-Dir - straight line, f/p - iguana
Aim: an iguana (severely wounded, 100% to hit)
The magic dart hits the iguana but does no damage.
The iguana is severely wounded.
The iguana bites you.
You die...

######### ........###
..........#
....<.....###########
....................#
....................##..
........................
##########......@...##.
# #......l...# #
#..........#
#..........#
#..........#
#............
##########.## .#


You could see an iguana.

Vanquished Creatures
  2 adders (D:2)
  A worm (D:2)
  3 dart slugs
  7 ball pythons
  4 endoplasms
  A giant cockroach (D:2)
  5 hobgoblins
  5 quokkas
  5 bats
  2 frilled lizards
  3 goblins (D:2)
  2 kobolds
  3 rats
43 creatures vanquished.

Notes
Turn   | Place    | Note
-------+----------+-------------------------------------------
     0 | D:1      | pokeman the Deep Elf Hedge Wizard began the quest for the
                  | Orb.
     0 | D:1      | Reached XP level 1. HP: 10/10 MP: 7/7
   149 | D:1      | Reached XP level 2. HP: 16/16 MP: 6/9
   534 | D:1      | Got Jitont's Essays on the Compass and Forms
  1082 | D:2      | Reached skill level 5 in Spellcasting
  1316 | D:2      | Reached XP level 3. HP: 20/20 MP: 8/11
  1320 | D:2      | Learned a level 3 spell: Mephitic Cloud
  1323 | D:2      | Learned a level 2 spell: Call Imp
  1326 | D:2      | Learned a level 2 spell: Blink
  1361 | D:2      | Found a faded altar of an unknown god.
  1432 | D:2      | Reached skill level 1 in Armour
  1468 | D:2      | Reached skill level 1 in Fighting
  2332 | D:3      | Reached XP level 4. HP: 25/25 MP: 9/13
  2513 | D:3      | Slain by an iguana

Illustrated notes

Levels and vault maps discovered:
D:1:      nicolae_arrival_somewhat_less_tricky_arrival, layout_rooms,
          nicolae_kite_square_tiling_tiny
D:2:      layout_loops_ring, serial_rivers, chequers_serial_rivers_micro_b,
          chequers_serial_rivers_micro_d, chequers_serial_rivers_room_b,
          chequers_serial_rivers_marsh, chequers_serial_rivers_small_b,
          chequers_serial_rivers_large_a, nicolae_ecumenical_snake_handling,
          nicolae_figureground_sparkle
D:3:      minmay_evil_eye, layout_basic

Skill      XL: |  1  2  3 |
---------------+----------+-----
Spellcasting   | 5 |  5.4
Armour         | 1 |  1.0
Fighting       | 1 |  1.0
Conjurations   | 2 |  2.1
Dodging        | |  2.5
Stealth        | |  2.6
Summonings     | |  1.1
Translocations | |  1.1

Action                   |  1- 3 |  4- 6 || total
-------------------------+-------+-------++-------
Melee: Dagger            |     7 |       ||     7
 Cast: Magic Dart        |   108 |    24 ||   132
Armor: Robe              |     3 |     2 ||     5
Dodge: Dodged            |    11 |     3 ||    14

Table legend: (Time is in decaauts)
 A = Elapsed time spent in this place.
 B = Non-inter-level travel time spent in this place.
 C = Inter-level travel time spent in this place.
 D = Time resting spent in this place.
 E = Time spent auto-exploring this place.
 F = Levels seen in this place.
 G = Mean time per level.
                   A        B        C        D        E       F      G
               +--------+--------+--------+--------+--------+-----+--------+
         Total |   2531 |   2501 |     30 |     76 |   2174 |   3 |  843.7 |
       Dungeon |   2531 |   2501 |     30 |     76 |   2174 |   3 |  843.7 |
               +--------+--------+--------+--------+--------+-----+--------+

Top non-repeatable levels by time:
     D:2: 1276 daAuts
     D:1: 1022 daAuts
     D:3: 233 daAuts
